 Dungeon Crawl Stone Soup version 0.27.1-1-g398f81649c (webtiles) character file.

Game seed: 18149822161255272633

16546 ZARRMARR the Destroyer (level 12, -8/66 HPs)
             Began as an Octopode Conjurer on Sept 12, 2021.
             Was a Priest of Sif Muna.
             Mangled by an orc warrior (12 damage)
             ... on level 10 of the Dungeon.
             The game lasted 02:16:54 (18854 turns).

ZARRMARR the Destroyer (Octopode Conjurer)         Turns: 18854, Time: 02:16:55

Health: -8/66      AC:  5    Str: 12    XL:     12   Next: 38%
Magic:  14/16      EV: 19    Int: 32    God:    Sif Muna [***...]
Gold:   688        SH:  4    Dex: 10    Spells: 1/15 levels left

rFire    + . .     SeeInvis .   c - +1 dagger (protect)
rCold    . . .     Faith    .   f - +0 buckler
rNeg     . . .     Spirit   .   (helmet restricted)
rPois    .         Reflect  .   (no amulet)
rElec    .         Harm     .   e - +6 ring of strength
rCorr    .         Rampage  .   a - +4 ring of slaying
Will     +....                  p - ring of willpower
Stlth    ++++......             r - +4 ring of protection
HPRegen  0.21/turn              s - +6 ring of intelligence
MPRegen  0.15/turn              t - +4 ring of evasion
                                d - ring of protection from fire
                                (no ring)

@: studying Shields
A: almost no armour, amphibious, 8 rings, camouflage 1, gelatinous body 1,
(nimble swimmer 1), tentacles
a: Renounce Religion, Channel Magic, Forget Spell


You were on level 10 of the Dungeon.
You worshipped Sif Muna.
Sif Muna was most pleased with you.
You visited 3 branches of the dungeon, and saw 16 of its levels.
You also visited: Bailey.

You collected 730 gold pieces.
You spent 42 gold pieces at shops.

Inventory:

Hand Weapons
 c - a +1 dagger of protection (weapon)
 A - a +3 dagger
Armour
 f - a +0 buckler (worn)
Magical Staves
 z - a staff of death
Jewellery
 a - a +4 ring of slaying (right tentacle)
 d - a ring of protection from fire (on tentacle)
 e - a +6 ring of strength (left tentacle)
 h - a ring of flight
 p - a ring of willpower (on tentacle)
 r - a +4 ring of protection (on tentacle)
 s - a +6 ring of intelligence (on tentacle)
 t - a +4 ring of evasion (on tentacle)
Wands
 g - a wand of polymorph (13)
 y - a wand of digging (4)
 B - a wand of iceblast (3)
Scrolls
 b - 2 scrolls of vulnerability
 k - a scroll of immolation
 m - 2 scrolls of magic mapping
 o - 6 scrolls of enchant weapon
 q - a scroll of holy word
 u - 2 scrolls of noise
 C - a scroll of amnesia
 F - a scroll of enchant armour
Potions
 i - a potion of attraction {unknown}
 j - a potion of haste {unknown}
 l - a potion of berserk rage {unknown}
 n - 4 potions of curing {unknown}
 v - a potion of lignification {unknown}
 w - a potion of heal wounds {unknown}
 x - 5 potions of flight {unknown}
 E - a potion of cancellation {unknown}


   Skills:
 + Level 7.5 Dodging
 + Level 7.3 Stealth
 - Level 4.0 Shields
 - Level 2.0 Spellcasting
 * Level 13.3 Conjurations
 * Level 10.2 Hexes
 - Level 5.9 Invocations


You had one spell level left.
You knew the following spells:

 Your Spells              Type           Power      Damage    Failure   Level
a - Magic Dart            Conj           100%       1d8       1%          1
b - Searing Ray           Conj           100%       3d7       1%          2
c - Dazzling Flash        Conj/Hex       100%       N/A       1%          3
d - Fulminant Prism       Conj/Hex       34%        3d16      1%          4
e - Passwall              Tmut/Erth      2%         N/A       11%         2
f - Ensorcelled Hibernat  Hex/Ice        70%        N/A       1%          2

Your spell library contained the following spells:

 Spells                   Type           Power      Damage    Failure   Level
 Beastly Appendage        Tmut           6%         N/A       7%          1
 Sandblast                Erth           6%         2d5       7%          1
 Iskenderun's Mystic Bla  Conj/Tloc      45%        2d10      4%          4
 Wereblood                Tmut           3%         N/A       11%         2
 Spider Form              Tmut/Pois      1%         N/A       21%         3
 Lee's Rapid Deconstruct  Erth           1%         3d5*      88%         5
 Shadow Creatures         Summ           N/A        N/A       100%        6


Dungeon Overview and Level Annotations

Branches:
Dungeon (14/15)            Temple (1/1) D:4            Lair (0/6) D:11
    Orc (1/2) D:10         Bailey (visited)
 Vaults: D:13-14

Altars:
Ashenzari
Cheibriados
Dithmenos
Elyvilon
Fedhas
Gozag
Hepliaklqana
Kikubaaqudgha
Makhleb
Nemelex Xobeh
Okawaru
Qazlal
Ru
Sif Muna
Trog
Uskayaw
Vehumet
Wu Jian
Xom
Yredelemnul
Zin
The Shining One

Shops:
D:3 ?   D:6 :=:?   D:11 *   Orc:1 *

Annotations:
D:3 2 transporters, AttackTheMoon's ghost, amateur GnWz
D:4 exclusion: downstairs
D:7 exclusion: downstairs
D:8 1 runed translucent door, exclusion: 2 downstairs, ChodeyFoster420's ghost, novice MiBe
D:10 exclusions: downstairs and troll, Harold
D:11 exclusions: 2 boulder beetles, centaur warrior, 2 cyclopes and troll
D:12 exclusion: cyclops
D:13 exclusions: downstairs and upstairs, Erolcha
D:14 exclusions: boulder beetle, 2 centaur warriors, efreet and 2 jumping spiders
Orc:1 Erica


Innate Abilities, Weirdness & Mutations

You cannot wear most types of armour.
You are amphibious.
You can wear up to eight rings at the same time.
Your skin changes colour to match your surroundings (Stealth+).
Your rubbery body absorbs attacks. (AC +1, EV +1)
((You are camouflaged near water. (Stealth+)))
You have tentacles for arms and can constrict up to eight enemies at once.


Message History

Unknown command.
Casting: Searing Ray (safe; 1% risk of failure)
Confirm with . or Enter, or press ? or * to list all spells.
Okay, then.
Unknown command.
Casting: Searing Ray (safe; 1% risk of failure)
Confirm with . or Enter, or press ? or * to list all spells.
You can't see any susceptible monsters within range! (Use Z to cast anyway.)
Casting: Searing Ray (safe; 1% risk of failure)
Confirm with . or Enter, or press ? or * to list all spells.
Aiming: Searing Ray (safe; 1% risk of failure)
Press: ? - help, Shift-Dir - straight line (Press . to maintain the ray.)
Something closely misses you.
Unknown command.
Something hits you!
* * * LOW HITPOINT WARNING * * *
Deactivating autopickup; reactivate with Ctrl-A.
Unknown command.
Something hits you.
* * * LOW HITPOINT WARNING * * *
Unknown command.
You finish channeling your searing ray.
Something barely misses you.
Unknown command.
Casting: Searing Ray (safe; 1% risk of failure)
Confirm with . or Enter, or press ? or * to list all spells.
You can't see any susceptible monsters within range! (Use Z to cast anyway.)
Something hits you.
* * * LOW HITPOINT WARNING * * *
Casting: Searing Ray (safe; 1% risk of failure)
Confirm with . or Enter, or press ? or * to list all spells.
Aiming: Searing Ray (safe; 1% risk of failure)
Press: ? - help, Shift-Dir - straight line (Press . to maintain the ray.)
You feel less invigorated. Something closely misses you.
Unknown command.
Something hits you but does no damage.
Unknown command.
Something hits you!
You die...

#...#...........#
##................
#..#..8....>...(8.
##................
##..#...........#
#######..#.....8.....#
#........####.....####
#....>...# ###...#
#....@...# ##.## ##
#...<...## #.# ##.
#.......# ###.###..
#..>....# #...##..#
#.......# ##.###..##
#.......# ##..#...##
#.......####..##.###
#########....###.#
##...#### #.#


There were no monsters in sight!

Vanquished Creatures
  A two-headed ogre (D:11)
  An orc high priest (Orc:1)
  3 death yaks (D:11)
  Sonja (D:11)
  Pikel (D:8)
  An orc knight (Orc:1)
  An orc sorcerer (Orc:1)
  2 cyclopes
  Joseph (D:8)
  An unseen horror (D:11)
  A troll (D:9)
  A hornet (D:8)
  A wolf spider simulacrum (D:14)
  A wraith (D:12)
  A shadow (D:13)
  20 yaks
  A steam dragon (D:9)
  2 vampire mosquitoes (D:11)
  A warg (Orc:1)
  3 water moccasins
  A floating eye (D:11)
  18 orc warriors
  3 sky beasts
  3 ice beasts
  A black bear (D:7)
  4 ogres
  6 centaurs
  A necrophage (D:6)
  2 kobold brigands
  2 bullfrogs
  A gnoll sergeant (D:8)
  A wyvern zombie (D:7)
  A scorpion (D:5)
  A water moccasin zombie (D:5)
  A bullfrog zombie (D:6)
  6 centaur zombies
  2 jellies
  12 orc priests
  3 iguanas
  9 orc wizards
  2 killer bee zombies
  2 hound skeletons (D:4)
  3 howler monkey zombies
  7 gnolls
  5 adders
  A shadow imp (D:6)
  A white imp (D:7)
  A worm (D:3)
  A dart slug (D:3)
  62 orcs
  3 bats
  9 endoplasms
  3 giant cockroaches
  5 hobgoblins
  11 jackals
  12 kobolds
  A ball python (D:4)
  8 frilled lizards
  4 goblins
  4 rats
268 creatures vanquished.

Vanquished Creatures (others)
  An unseen horror (D:11)
  3 fulminant prisms
  4 toadstools (D:1)
8 creatures vanquished.

Grand Total: 276 creatures vanquished

Notes
Turn   | Place    | Note
-------+----------+-------------------------------------------
     0 | D:1      | ZARRMARR the Octopode Conjurer began the quest for the Orb.
     0 | D:1      | Reached XP level 1. HP: 11/11 MP: 3/3
   162 | D:1      | Reached XP level 2. HP: 17/17 MP: 0/5
  1059 | D:2      | Reached XP level 3. HP: 21/21 MP: 3/6
  1092 | D:2      | Reached skill level 1 in Shields
  1551 | D:2      | Reached skill level 5 in Conjurations
  1758 | D:3      | Reached XP level 4. HP: 27/27 MP: 0/7
  1845 | D:3      | Found a faded altar of an unknown god.
  1992 | D:3      | Found Toriale's Magic Scroll Shoppe.
  2062 | D:3      | Found a transporter.
  2063 | D:3      | Noticed AttackTheMoon's ghost (amateur GnWz)
  2066 | D:3      | Noticed an ogre
  2067 | D:3      | Found a transporter.
  2069 | D:3      | Noticed an ogre
  2588 | D:3      | Bought a scroll of magic mapping for 42 gold pieces
  2627 | D:4      | Reached XP level 5. HP: 31/31 MP: 1/8
  2700 | D:4      | Found a shadowy altar of Dithmenos.
  2807 | D:4      | Found a staircase to the Ecumenical Temple.
  2820 | Temple   | Entered the Ecumenical Temple
  2909 | Temple   | Became a worshipper of Sif Muna the Loreminder
  3166 | D:4      | Reached XP level 6. HP: 30/36 MP: 3/9
  3233 | D:4      | Found a white marble altar of Elyvilon.
  3468 | D:4      | Found a sacrificial altar of Ru.
  3500 | D:4      | Learned a level 2 spell: Searing Ray
  3842 | D:4      | Reached skill level 6 in Conjurations
  3900 | D:5      | Entered Level 5 of the Dungeon
  4189 | D:5      | Reached XP level 7. HP: 41/41 MP: 4/10
  4194 | D:5      | Reached skill level 7 in Conjurations
  4282 | D:5      | Found an iron altar of Okawaru.
  4455 | D:5      | Reached skill level 8 in Conjurations
  4609 | D:5      | Reached XP level 8. HP: 46/46 MP: 6/11
  4621 | D:5      | Reached skill level 9 in Conjurations
  4732 | D:5      | Reached skill level 1 in Invocations
  4817 | D:5      | Reached skill level 1 in Hexes
  5247 | D:6      | Found Odyim's Book Shop.
  5260 | D:6      | Found a stormy altar of Qazlal.
  5264 | D:6      | Noticed a water elemental
  5264 | D:6      | Noticed an air elemental
  5295 | D:6      | Reached * piety under Sif Muna
  5300 | D:6      | Learned a level 3 spell: Dazzling Flash
  5386 | D:6      | You fall into a shaft and drop 1 floor!
  5506 | D:6      | Found Goafent's Book Emporium.
  5640 | D:6      | Found Udimil's Magic Scroll Shop.
  5661 | D:6      | Found Etsup's Jewellery Emporium.
  5952 | D:6      | Found an ornate altar of the Wu Jian Council.
  5993 | D:7      | Reached XP level 9. HP: 50/51 MP: 6/12
  6231 | D:7      | Reached skill level 10 in Conjurations
  6937 | D:8      | Found a runed translucent door.
  7010 | D:8      | Found a shimmering altar of Xom.
  7010 | D:8      | Noticed ChodeyFoster420's ghost (novice MiBe)
  7083 | D:8      | Noticed Joseph
  7465 | D:8      | Reached ** piety under Sif Muna
  7470 | D:8      | Reached skill level 5 in Hexes
  7779 | D:8      | Noticed Pikel
  7793 | D:8      | Killed Pikel
  8200 | D:8      | Killed Joseph
  8201 | D:8      | Reached XP level 10. HP: 24/56 MP: 0/13
  8383 | D:8      | Learned a level 4 spell: Fulminant Prism
  8463 | D:8      | Noticed a +3 spear of chaos
  8490 | D:9      | Reached skill level 11 in Conjurations
  8824 | D:9      | Reached skill level 5 in Invocations
  8912 | D:8      | Reached skill level 5 in Dodging
  9144 | D:9      | Paralysed by a hornet for 1 turns
 10881 | D:10     | Entered Level 10 of the Dungeon
 11003 | D:10     | Found a staircase to the Orcish Mines.
 11443 | D:10     | Found an opulent altar of Gozag.
 11537 | D:10     | Noticed Harold
 11817 | D:11     | Learned a level 2 spell: Passwall
 11840 | D:11     | Reached XP level 11. HP: 61/61 MP: 13/15
 11859 | D:11     | Found Burung's General Store.
 11904 | D:11     | Noticed Sonja
 11910 | D:11     | Reached skill level 12 in Conjurations
 11913 | D:11     | Killed Sonja
 11952 | D:11     | Noticed a death yak
 11980 | D:11     | Killed a death yak
 11997 | D:11     | Found a staircase to the Lair.
 11999 | D:11     | Noticed a death yak
 12002 | D:11     | Found a flagged portal.
 12009 | Bailey   | Entered a bailey
 12848 | Bailey   | Learned a level 2 spell: Ensorcelled Hibernation
 13631 | Bailey   | Noticed an orc knight
 14078 | D:11     | Noticed a death yak
 14078 | D:11     | Noticed a death yak
 14078 | D:11     | Noticed a death yak
 14085 | D:11     | Noticed a death yak
 14347 | D:11     | You fall into a shaft and drop 3 floors!
 14409 | D:14     | Noticed a centaur warrior
 14431 | D:14     | Noticed a centaur warrior
 14437 | D:14     | Noticed a boulder beetle
 14458 | D:13     | Reached skill level 5 in Stealth
 14495 | D:12     | Noticed a cyclops
 14516 | D:13     | Noticed Erolcha
 14634 | D:12     | Noticed a skeletal warrior
 14635 | D:12     | Noticed a skeletal warrior
 14636 | D:12     | Noticed a skeletal warrior
 14636 | D:12     | Noticed a skeletal warrior
 15274 | D:11     | Noticed a cyclops
 15282 | D:11     | Noticed a manticore
 15292 | D:11     | a manticore changed into a floating eye
 15299 | D:11     | Reached *** piety under Sif Muna
 15459 | D:11     | Noticed a centaur warrior
 15459 | D:11     | Noticed a boulder beetle
 15459 | D:11     | Noticed a cyclops
 16106 | D:11     | Noticed a death yak
 16283 | D:11     | Noticed a boulder beetle
 16347 | Orc:1    | Entered Level 1 of the Orcish Mines
 16395 | Orc:1    | Noticed an orc high priest
 16405 | Orc:1    | Noticed a soul eater
 16405 | Orc:1    | Noticed an orc sorcerer
 16407 | Orc:1    | Killed an orc high priest
 16518 | Orc:1    | Killed an orc sorcerer
 16920 | Orc:1    | Reached XP level 12. HP: 66/66 MP: 8/16
 17363 | Orc:1    | Found Jebuo's Gadget Gallery.
 17399 | Orc:1    | Reached skill level 13 in Conjurations
 17619 | Orc:1    | Noticed Erica
 17952 | D:11     | Noticed a death yak
 18005 | D:11     | Noticed a death yak
 18037 | D:11     | Killed a death yak
 18153 | D:11     | Killed a death yak
 18154 | D:11     | Reached skill level 10 in Hexes
 18729 | D:11     | Noticed a two-headed ogre
 18758 | D:11     | Killed a two-headed ogre
 18851 | D:10     | HP: 3/66 [something (6)]
 18854 | D:10     | Mangled by an orc warrior

Illustrated notes

Levels and vault maps discovered:
D:1:      ldierk_walled_garden_2, layout_loops_ring, nrook_uturn,
          minmay_lizard_pond
D:2:      layout_basic
D:3:      layout_basic, gammafunk_ghost_smash, serial_shops,
          nicolae_shop_temple_entry_statues_fountains,
          hellmonk_ecumenical_altar_lost_god, lemuel_old_faithful
D:4:      layout_basic, hangedman_ru_absence, nicolae_dithmenos_shadow_blocks,
          mainiacjoe_overflow_small_starburst, minmay_temple_entry_crystal_x,
          st_stairs_12, minmay_circle_x
D:5:      layout_cave_pools, mainiacjoe_overflow_cross_hatched
D:6:      layout_cave_pools, nicolae_qazlal_style_of_elements,
          pdpol_wu_jian_five_deadly_venoms, serial_shops, shop, shop,
          nicolae_square_shop, nicolae_lakefront_shop
D:7:      layout_cave_pools
D:8:      layout_gridville, ebering_ghost_xom, uniq_joseph, uniq_pikel
D:9:      layout_basic
D:10:     layout_rooms, mainiacjoe_overflow_six_doors_small, david_orc_2,
          uniq_harold
D:11:     minmay_the_grid_square_5x5_5x5 [minmay_the_grid_square_5x5_v,
          minmay_the_grid_square_5x5_beaten_path,
          minmay_the_grid_square_5x5_shrine1, minmay_the_grid_square_5x5_meh,
          minmay_the_grid_square_5x5_two_small,
          minmay_the_grid_square_5x5_minivault,
          minmay_the_grid_square_5x5_prize_rear_guard,
          minmay_the_grid_square_5x5_inner_i,
          minmay_the_grid_square_5x5_prize_itemx,
          minmay_the_grid_square_5x5_six, minmay_the_grid_square_5x5_trominoes,
          minmay_the_grid_square_5x5_tri_point,
          minmay_the_grid_square_5x5_prize_monsterx,
          minmay_the_grid_square_5x5_moneybag,
          minmay_the_grid_square_5x5_two_walls_b,
          minmay_the_grid_square_5x5_gyroscope,
          minmay_the_grid_square_5x5_prize_pseudospiral,
          minmay_the_grid_square_5x5_comb,
          minmay_the_grid_square_5x5_prize_deathbox,
          minmay_the_grid_square_5x5_corner,
          minmay_the_grid_square_5x5_misaligned,
          minmay_the_grid_square_5x5_pentomino_r,
          minmay_the_grid_square_5x5_doubleslash,
          minmay_the_grid_square_5x5_inner_z,
          minmay_the_grid_square_5x5_checkered_sparse], layout_long_grid,
          dpeg_lair_monsters, serial_shops, nicolae_square_shop, enter_bailey_2,
          uniq_psyche, uniq_grum, uniq_sonja
D:12:     layout_irregular_city, uniq_azrael, uniq_maurice
D:13:     layout_loops_ring, erik_vaults_2, uniq_erolcha
D:14:     layout_cave_pools, minmay_crystal_water, kennysheep_boxes
Temple:   regret_index_temple_waves
Orc:1:    layout_diamond_mine, nicolae_shop_gadgets, uniq_erica

Skill      XL: |  1  2  3  4  5  6  7  8  9 10 11 12 |
---------------+-------------------------------------+-----
Shields        | 1 3 4 |  4.0
Conjurations   | 5 6 8 9 10 11 12 13 | 13.3
Invocations    | 2 4 5 |  5.9
Hexes          | 3 6 7 9 10 | 10.2
Dodging        | 3 4 5 7 |  7.5
Stealth        | 3 6 7 |  7.3
Spellcasting   | |  2.0

Action                   |  1- 3 |  4- 6 |  7- 9 | 10-12 || total
-------------------------+-------+-------+-------+-------++-------
Melee: Dagger            |     9 |    15 |    12 |     9 ||    45
       Constrict         |     3 |     3 |       |     3 ||     9
       Tentacles         |     2 |     1 |     3 |     2 ||     8
Throw: Throwing net      |       |       |     2 |       ||     2
       Dart              |       |       |       |     5 ||     5
 Cast: Magic Dart        |    57 |    84 |    74 |   158 ||   373
       Searing Ray       |       |     7 |    58 |   124 ||   189
       Dazzling Flash    |       |       |       |    17 ||    17
       Fulminant Prism   |       |       |       |     3 ||     3
       Ensorcelled Hiber |       |       |       |    16 ||    16
       Passwall          |       |       |       |     3 ||     3
Invok: Channel Magic     |       |       |     1 |     8 ||     9
Evoke: Wand              |       |       |    11 |    16 ||    27
  Use: Scroll            |     3 |     4 |     7 |     9 ||    23
       Potion            |       |     1 |       |       ||     1
 Stab: Paralysed         |       |       |       |     4 ||     4
Armor: Skin              |       |     2 |     6 |    23 ||    31
Dodge: Dodged            |     7 |    18 |    33 |   127 ||   185
Block: Buckler           |     2 |       |     9 |    30 ||    41
